 Dungeon Crawl Stone Soup version 0.32-a0-7-ge934b4519a (webtiles) character file.

Game seed: 7086755604933701919

652 timneilson the Ruffian (level 7, 0/46 HPs)
             Began as an Octopode Shapeshifter on Jan 13, 2024.
             Slain by an ogre
             ... wielding a +0 giant spiked club
              (18 damage)
             ... on level 5 of the Dungeon.
             The game lasted 00:06:42 (4297 turns).

timneilson the Ruffian (Octopode Shapeshifter)      Turns: 4297, Time: 00:06:42

Health: 0/46       AC:  1    Str: 15    XL:     7   Next: 54%
Magic:  7/7        EV: 14    Int: 13    God:
Gold:   195        SH:  0    Dex: 11    Spells: 6/6 levels left

rFire   . .          .
                       - Unarmed
rCold   + . .        (no shield)
rNeg    . . .        (helmet currently unavailable)
rPois   .            (no amulet)
rElec   .            e - ring of protection from cold
rCorr   .            (no ring)
SInv    .            (no ring)
Will    .....        (no ring)
Stlth   +++          (no ring)
HPRegen 0.27/turn    (no ring)
MPRegen 0.10/turn    (no ring)
                     (no ring)

%: no passive effects
@: beast-form
A: beast (slay +2), almost no armour, amphibious, 8 rings, camouflage 1,
gelatinous body 1, (nimble swimmer 1), tentacles
a: Begin Untransformation


You were on level 5 of the Dungeon.
You were a hulking beast.
You visited 1 branch of the dungeon, and saw 5 of its levels.
You also visited: Sewer.

You collected 195 gold pieces.

Inventory:

Armour
 r - the +0 hat "Agiopt" {+Inv rElec rC+ Int-4}
   (You acquired it on level 3 of the Dungeon)

   Int-4:     It affects your intelligence (-4).
   rC+:       It protects you from cold.
   rElec:     It insulates you from electricity.
   +Inv:      It lets you turn invisible.
Jewellery
 e - a ring of protection from cold (left tentacle)
 g - a ring of ice
Talismans
 b - a beast talisman
 c - a flux talisman
 v - a blade talisman
Wands
 h - a wand of roots (9)
Scrolls
 f - 2 scrolls of brand weapon
 q - 2 scrolls of amnesia
 u - a scroll of revelation
Potions
 a - 2 potions of lignification
 d - a potion of enlightenment
 i - a potion of ambrosia {unknown}
 j - a potion of haste {unknown}
 k - a potion of attraction {unknown}
 l - a potion of might {unknown}
 m - 2 potions of berserk rage {unknown}
 n - a potion of cancellation {unknown}
 o - 2 potions of resistance
 p - 3 potions of magic
 t - a potion of degeneration {unknown}


   Skills:
 * Level 3.6 Fighting
 * Level 4.2 Dodging
 + Level 3.2 Stealth
 * Level 4.7 Unarmed Combat
 + Level 1.1 Evocations
 * Level 4.4 Shapeshifting


You had 6 spell levels left.
You didn't know any spells.
Your spell library contained the following spells:

 Spells                   Type           Power      Damage    Failure   Level
 Foxfire                  Conj/Fire      0%         2x1d4     30%         1
 Tukima's Dance           Hex            0%         N/A       67%         3
 Dimensional Bullseye     Hex/Tloc       0%         N/A       97%         4
 Iskenderun's Mystic Bla  Conj/Tloc      0%         2d3       97%         4
 Plasma Beam              Fire/Air       0%         2x1d10    100%        6
 Starburst                Conj/Fire      0%         6d3       100%        6


Dungeon Overview and Level Annotations

Branches:
Dungeon (5/15)              Sewer (visited)
 Temple: D:4-7

Altars:
Zin


Innate Abilities, Weirdness & Mutations

You are a hulking beast.
Your limbs bulge with bestial killing power. (Slay +2)
You cannot wear most types of armour.
You are amphibious.
You can wear up to eight rings at the same time.
Your skin changes colour to match your surroundings (Stealth+).
Your rubbery body absorbs attacks. (AC +1, EV +1)
((You are camouflaged when in or above water. (Stealth+)))
You have tentacles for arms and can constrict up to eight enemies at once.


Message History

Found a fizzy white potion.
An adder and 2 ufetubi come into view.
Found a scroll labelled INNA XOMASY.
The ufetubus shouts!
You closely miss the ufetubus.
The hound barks!
The adder hisses angrily.
The ufetubus shouts!
You grab the ufetubus. You squeeze the ufetubus.
The ufetubus is heavily wounded.
You constrict the ufetubus, but do no damage.
You hear an angry hiss.
The ufetubus barely misses you. The ufetubus misses you.
You tentacle-slap the ufetubus. You squeeze the ufetubus.
You kill the ufetubus!
The adder bites you.
You tentacle-slap the hound. Your grab misses the hound.
Your squeeze misses the hound.
The hound is moderately wounded.
The hound bites you. The adder barely misses you.
The hound completely misses you.
You tentacle-slap the hound. You grab the hound. You squeeze the hound.
You kill the hound!
The adder bites you. The ufetubus closely misses you. x2
You closely miss the adder. You grab the adder. You squeeze the adder!
The adder is severely wounded.
You constrict the adder. The adder completely misses you.
The ufetubus hits you. The ufetubus misses you.
You tentacle-slap the adder.
You kill the adder!
The ufetubus misses you. x2; The ufetubus hits you.
The ufetubus misses you.
You miss the ufetubus. You grab the ufetubus. You constrict the ufetubus.
The ufetubus misses you. The ufetubus barely misses you.
You tentacle-slap the ufetubus.
The ufetubus is almost dead.
You constrict the ufetubus.
You kill the ufetubus!
The ogre hits you with a +0 giant spiked club!
You tentacle-slap the ogre.
The ogre is lightly wounded.
The ogre hits you with a +0 giant spiked club!!
You die...

########## #........#
#........# #...!....#
######.....)..#
#......hO.....#
#.............+
#...†.........##
########........
################.........
............>............
#################........
.......≈≈ .......≈?


You could see an ogre.

Vanquished Creatures
  Menkaure (D:4)
  2 brain worms (Sewer)
  A howler monkey (D:4)
  2 hounds
  An orc wizard (D:3)
  An iguana (D:5)
  10 adders
  3 river rats (Sewer)
  2 ufetubi (D:5)
  2 dart slugs (D:1)
  2 ribbon worms
  10 orcs
  10 endoplasms
  3 giant cockroaches (D:3)
  8 goblins
  3 hobgoblins
  14 jackals
  8 kobolds
  3 quokkas
  7 ball pythons
  5 bats
  10 frilled lizards
  10 rats
118 creatures vanquished.

Notes
Turn   | Place    | Note
-------+----------+-------------------------------------------
     0 | D:1      | timneilson the Octopode Shapeshifter began the quest for
                  | the Orb.
     0 | D:1      | Reached XP level 1. HP: 13/13 MP: 1/1
   111 | D:1      | Reached XP level 2. HP: 8/18 MP: 2/2
   407 | D:1      | Reached XP level 3. HP: 22/23 MP: 3/3
   517 | D:1      | Reached skill level 1 in Stealth
   911 | D:2      | Reached XP level 4. HP: 29/29 MP: 4/4
  1653 | D:3      | Found a glowing drain.
  1665 | Sewer    | Entered a sewer
  1699 | Sewer    | Reached XP level 5. HP: 31/34 MP: 5/5
  1827 | Sewer    | Reached XP level 6. HP: 31/41 MP: 6/6
  2670 | D:3      | Identified the +3 dagger "Myrurchoi" {venom, rPois MP-9
                  | Dex+5}
  2758 | D:3      | Identified a scroll of acquirement
  2758 | D:3      | Acquired the +0 hat "Agiopt" {+Inv rElec rC+ Int-4}
  2842 | D:4      | Found a glowing silver altar of Zin.
  2980 | D:4      | Noticed Menkaure
  2992 | D:4      | Killed Menkaure
  2993 | D:4      | Reached XP level 7. HP: 25/46 MP: 7/7
  4039 | D:5      | Entered Level 5 of the Dungeon
  4043 | D:5      | Reached skill level 1 in Evocations
  4297 | D:5      | Slain by an ogre

Illustrated notes

Levels and vault maps discovered:
D:1:      minmay_arrival_semitransparent, layout_basic
D:2:      layout_loops_ring, amethyst_killhole, chequers_serial_rivers_room_b,
          wad_orctagon
D:3:      layout_rooms, portal_sewer_entry_d, serial_curves, eino_curves_01,
          eino_curves_03, eino_curves_03, eino_curves_04
D:4:      layout_basic, mainiacjoe_overflow_catwalk, uniq_menkaure
D:5:      layout_basic, corexii_item_surrounded_by_moat

Skill      XL: |  1  2  3  4  5  6  7 |
---------------+----------------------+-----
Stealth        | 1 2 3 |  3.2
Fighting       | 2 3 |  3.6
Dodging        | 3 4 |  4.2
Unarmed Combat | 4 |  4.7
Shapeshifting  | 4 |  4.4
Evocations     | 1 |  1.1

Action                     |  1- 3 |  4- 6 |  7- 9 || total
---------------------------+-------+-------+-------++-------
  Melee: Unarmed           |    75 |   125 |    40 ||   240
         Constrict         |    15 |    26 |    11 ||    52
         Tentacles         |    12 |    26 |     9 ||    47
         Punch             |     2 |     3 |     1 ||     6
    Use: Scroll            |     3 |     9 |       ||    12
   Stab: Sleeping          |     4 |     8 |     5 ||    17
 Armour: Skin              |    29 |    32 |    17 ||    78
  Dodge: Dodged            |    42 |    80 |    25 ||   147

Table legend: (Time is in decaauts)
 A = Elapsed time spent in this place.
 B = Non-inter-level travel time spent in this place.
 C = Inter-level travel time spent in this place.
 D = Time resting spent in this place.
 E = Time spent auto-exploring this place.
 F = Levels seen in this place.
 G = Mean time per level.
                   A        B        C        D        E       F      G
               +--------+--------+--------+--------+--------+-----+--------+
         Total |   4277 |   3962 |    315 |      0 |   3057 |   6 |  712.8 |
       Dungeon |   3922 |   3607 |    315 |      0 |   2881 |   5 |  784.4 |
         Sewer |    355 |    355 |      0 |      0 |    176 |   1 |  355.0 |
               +--------+--------+--------+--------+--------+-----+--------+

Top non-repeatable levels by time:
     D:4: 1302 daAuts
     D:2: 959 daAuts
     D:3: 801 daAuts
     D:1: 659 daAuts
   Sewer: 355 daAuts
     D:5: 198 daAuts
